 Dungeon Crawl Stone Soup version 0.29-a0-542-g075992c915 (webtiles) character file.

Game seed: 8970546565554513075

882 Crownlay the Digger (level 8, -4/41 HPs)
             Began as a Gargoyle Earth Elementalist on June 4, 2022.
             Slain by a six-headed hydra (12 damage)
             ... on level 6 of the Dungeon.
             The game lasted 00:07:28 (6498 turns).

Crownlay the Digger (Gargoyle Earth Elementalist)   Turns: 6498, Time: 00:07:29

Health: -4/41      AC: 13    Str: 25    XL:     8   Next: 5%
Magic:  16/18      EV: 11    Int: 19    God:
Gold:   382        SH:  0    Dex: 10    Spells: 16/20 levels left

rFire   . . .      SeeInvis .   F - +9 trident of Guile {spect, rElec rF- rN+ Str+4}
rCold   . . .      Faith    .   (no shield)
rNeg    + + .      Spirit   .   b - +0 robe
rPois   ∞          Reflect  .   A - +0 helmet
rElec   +          Harm     .   (no cloak)
rCorr   .          Rampage  .   y - +1 pair of gloves
Will    .....                   d - +2 pair of boots of the Dungeon {Str+4}
Stlth   ++........              (no amulet)
HPRegen 0.13/turn               j - ring of protection from fire
MPRegen 0.16/turn               q - +6 ring of strength

@: no status effects
A: sickness immunity, AC +5, negative energy resistance 1, electricity
resistance, torment resistance 1, petrification resistance
a: no special abilities


You were on level 6 of the Dungeon.
You visited 1 branch of the dungeon, and saw 6 of its levels.

You collected 382 gold pieces.

Inventory:

Hand Weapons
 g - the +7 dagger of the End {venom, +Blink rC+ Will+++ Str-5}
   (You found it on level 6 of the Dungeon)

   It poisons the flesh of those it strikes.
   Str:       It affects your strength (-5).
   rC:        It protects you from cold.
   +Blink:    It lets you blink.
   Will:      It greatly increases your willpower.
 t - a +2 short sword of venom
 F - the +9 trident of Guile (weapon) {spect, rElec rF- rN+ Str+4}
   (You found it on level 5 of the Dungeon)

   When its wielder attacks, the weapon's spirit leaps out and strikes again.
   The spirit shares a part of any damage it takes with its wielder.
   Str:       It affects your strength (+4).
   rF:        It makes you vulnerable to fire.
   rElec:     It insulates you from electricity.
   rN:        It protects you from negative energy.
Missiles
 a - 157 stones
Armour
 b - a +0 robe (worn)
 d - the +2 pair of boots of the Dungeon (worn) {Str+4}
   (You acquired it on level 2 of the Dungeon)

   Str:       It affects your strength (+4).
 y - a +1 pair of gloves (worn)
 A - a +0 helmet (worn)
Magical Staves
 E - a staff of earth
Jewellery
 j - a ring of protection from fire (left hand)
 n - a +4 ring of evasion
 o - a ring of willpower
 q - a +6 ring of strength (right hand)
 D - a ring of fire
Wands
 x - a wand of paralysis (8)
Scrolls
 e - a scroll of noise {unknown}
 h - a scroll of poison {unknown}
 k - 4 scrolls of fear
 l - a scroll of enchant weapon {unknown}
 m - 8 scrolls of teleportation
 s - a scroll of fog {unknown}
 u - 2 scrolls of enchant armour {unknown}
Potions
 c - a potion of magic
 f - a potion of heal wounds {unknown}
 i - 3 potions of curing
 p - a potion of mutation {unknown}
 r - a potion of resistance {unknown}
 v - a potion of flight {unknown}
 z - 2 potions of cancellation {unknown}
 B - a potion of lignification
 C - 2 potions of attraction {unknown}


   Skills:
 - Level 1.5 Dodging
 - Level 2.1 Stealth
 * Level 6.9 Spellcasting
 - Level 0.7 Transmutations
 + Level 7.1 Earth Magic


You had 16 spell levels left.
You knew the following spells:

 Your Spells              Type           Power      Damage    Failure   Level
a - Sandblast             Erth           66%        2d15      1%          1
b - Stone Arrow           Conj/Erth      40%        3d9       7%          3

Your spell library contained the following spells:

 Spells                   Type           Power      Damage    Failure   Level
 Passwall                 Tmut/Erth      17%        N/A       3%          2
 Freeze                   Ice            24%        1d5       11%         1
 Petrify                  Tmut/Erth      21%        N/A       21%         4
 Frozen Ramparts          Ice            12%        1d3       30%         3
 Hailstorm                Conj/Ice       6%         3d4       71%         4


Dungeon Overview and Level Annotations

Branches:
Dungeon (6/15)
 Temple: D:4-7

Altars:
Dithmenos
Makhleb
Qazlal

Annotations:
D:3 2 transporters, Stick's ghost, weakling GnWn
D:6 2 runed translucent doors


Innate Abilities, Weirdness & Mutations

You are immune to sickness and miasma.
Your stone body is resilient. (AC +5)
You are immune to poison.
You resist negative energy. (rN+)
You are resistant to electric shocks. (rElec)
You are resistant to unholy torment.
You are immune to petrification.


Message History

The hound closely misses you.
Reach: F) +9 trident of Guile {spect, rElec rF- rN+ Str+4}
Press: ? - help, Dir - move target, f/p - hound
Aim: a hound (grey smoke, about 44% to evade the +9 trident of Guile)
You hit the hound.
The hound is moderately wounded.
Your +9 trident of Guile {spect, rElec rF- rN+ Str+4} closely misses the hound.
The hound bites you but does no damage.
You swap places.
The six-headed hydra attacks as you move away!
The six-headed hydra bites you but does no damage.
The six-headed hydra closely misses you.
The six-headed hydra bites you!
The six-headed hydra bites you but does no damage.
The six-headed hydra bites you!
The six-headed hydra closely misses you.
Casting: Sandblast (safe; 1% risk of failure)
Confirm with . or Enter, or press ? or * to list all spells.
Aiming: Sandblast (safe; 1% risk of failure)
Press: ? - help, Shift-Dir - straight line, f/p - hound
Aim: a hound (moderately wounded, 75% to hit)
The blast of sand hits the six-headed hydra!
The six-headed hydra is lightly wounded.
The six-headed hydra bites you but does no damage.
The six-headed hydra bites you!
The six-headed hydra bites you but does no damage. x2
The six-headed hydra bites you.
* * * LOW HITPOINT WARNING * * *
The six-headed hydra bites you but does no damage.
Casting: Sandblast (safe; 1% risk of failure)
Confirm with . or Enter, or press ? or * to list all spells.
Aiming: Sandblast (safe; 1% risk of failure)
Press: ? - help, Shift-Dir - straight line, f/p - hound
Aim: a hound (moderately wounded, 75% to hit)
The blast of sand hits the six-headed hydra.
The six-headed hydra is moderately wounded.
The six-headed hydra bites you.
* * * LOW HITPOINT WARNING * * *
The six-headed hydra bites you!
You die...

........# #..##8[$8
........# #..#8....
........# #..+Y....
..>.....####
#..+cY...
...........#####..#
........##........##
........#####......#
..[.....# #..###'#
........# #.##@#.#
.......## #.#D#.##
#.....## #.#h###
####.#### #.#n#
#.......# #.#.#
#.##..#.# ##.
#.#..##.# #
....###.# ...##.#.#


You could see a six-headed hydra, a necrophage and a hound.

Vanquished Creatures
  An ogre (D:6)
  Blork the orc (D:4)
  A gnoll sergeant (D:5)
  2 scorpions
  2 howler monkeys
  A hound (D:6)
  An orc priest (D:5)
  A gnoll shaman (D:5)
  An iguana (D:5)
  3 orc wizards
  10 gnolls
  8 adders
  A white imp (D:5)
  An ufetubus (D:4)
  2 worms
  4 dart slugs
  15 orcs
  7 ball pythons
  6 endoplasms
  4 giant cockroaches
  5 hobgoblins
  3 kobolds
  3 quokkas
  6 bats
  2 frilled lizards (D:1)
  4 goblins
  6 rats
101 creatures vanquished.

Notes
Turn   | Place    | Note
-------+----------+-------------------------------------------
     0 | D:1      | Crownlay the Gargoyle Earth Elementalist began the quest
                  | for the Orb.
     0 | D:1      | Reached XP level 1. HP: 10/10 MP: 3/3
   217 | D:1      | Reached XP level 2. HP: 15/15 MP: 5/5
   565 | D:1      | Reached skill level 4 in Earth Magic
   999 | D:1      | Reached XP level 3. HP: 16/19 MP: 7/7
  1852 | D:2      | Reached XP level 4. HP: 22/24 MP: 9/9
  2472 | D:2      | Identified a scroll of acquirement
  2473 | D:2      | Acquired the +2 pair of boots of the Dungeon {Str+4}
  2685 | D:3      | HP: 1/24 [something/magic dart (5)]
  2687 | D:3      | Reached XP level 5. HP: 2/28 MP: 7/11
  3305 | D:3      | Found a shadowy altar of Dithmenos.
  3431 | D:3      | Found a burning altar of Makhleb.
  3431 | D:3      | Noticed a green death
  3510 | D:3      | Found a transporter.
  3511 | D:3      | Found a transporter.
  3511 | D:3      | Noticed Stick's ghost (weakling GnWn)
  3512 | D:3      | Noticed an ogre
  3514 | D:3      | Noticed an ogre
  3694 | D:3      | Reached skill level 5 in Earth Magic
  3749 | D:4      | Found a stormy altar of Qazlal.
  3752 | D:4      | Noticed Blork the orc
  3759 | D:4      | Killed Blork the orc
  3866 | D:4      | Learned a level 3 spell: Stone Arrow
  3914 | D:4      | Reached XP level 6. HP: 32/32 MP: 13/13
  4262 | D:4      | Reached skill level 5 in Spellcasting
  4993 | D:5      | Entered Level 5 of the Dungeon
  5295 | D:5      | Reached skill level 6 in Earth Magic
  5295 | D:5      | Reached XP level 7. HP: 26/36 MP: 13/15
  6273 | D:5      | Identified the +9 trident of Guile {spect, rElec rF- rN+
                  | Str+4}
  6383 | D:6      | Identified the +7 dagger of the End {venom, +Blink rC+
                  | Will+++ Str-5}
  6416 | D:6      | Reached skill level 7 in Earth Magic
  6416 | D:6      | Reached XP level 8. HP: 41/41 MP: 18/18
  6478 | D:6      | Found a large runed translucent door.
  6479 | D:6      | Found a large runed translucent door.
  6480 | D:6      | Noticed a yak
  6492 | D:6      | Noticed a six-headed hydra
  6498 | D:6      | Slain by a six-headed hydra

Illustrated notes

Levels and vault maps discovered:
D:1:      minmay_arrival_wavy_path, layout_loops_ring, minmay_stone_trees_medium
D:2:      layout_loops_ring, chequers_mini_garden, hex_large
D:3:      layout_rooms, makhleb_altar_promises_db,
          nicolae_dithmenos_shadow_blocks, gammafunk_ghost_smash,
          kennysheep_generic_room_12
D:4:      layout_gridville, general_overflow_altar, uniq_blork_the_orc
D:5:      layout_loops_cross
D:6:      layout_rooms, grunt_decor_arrowhead, minmay_hollow_rounded_squares

Skill      XL: |  1  2  3  4  5  6  7 |
---------------+----------------------+-----
Earth Magic    | 4 5 6 7 |  7.1
Spellcasting   | 3 4 5 6 |  6.9
Dodging        | |  1.5
Stealth        | |  2.1
Transmutations | |  0.7

Action                   |  1- 3 |  4- 6 |  7- 9 || total
-------------------------+-------+-------+-------++-------
Melee: Unarmed           |    14 |       |       ||    14
       Whip              |     6 |       |       ||     6
       Short sword       |    97 |   180 |    31 ||   308
       Punch             |     1 |     3 |     1 ||     5
       Trident           |       |       |     9 ||     9
 Cast: Sandblast         |    13 |    37 |    13 ||    63
       Stone Arrow       |       |       |     5 ||     5
  Use: Scroll            |       |     4 |     3 ||     7
 Stab: Sleeping          |     5 |     5 |       ||    10
Armor: Robe              |    53 |    92 |    17 ||   162
Dodge: Dodged            |    71 |   159 |    24 ||   254

Table legend: (Time is in decaauts)
 A = Elapsed time spent in this place.
 B = Non-inter-level travel time spent in this place.
 C = Inter-level travel time spent in this place.
 D = Time resting spent in this place.
 E = Time spent auto-exploring this place.
 F = Levels seen in this place.
 G = Mean time per level.
                   A        B        C        D        E       F      G
               +--------+--------+--------+--------+--------+-----+--------+
         Total |   6524 |   6352 |    172 |      0 |   5439 |   6 | 1087.3 |
       Dungeon |   6524 |   6352 |    172 |      0 |   5439 |   6 | 1087.3 |
               +--------+--------+--------+--------+--------+-----+--------+

Top non-repeatable levels by time:
     D:1: 1502 daAuts
     D:5: 1294 daAuts
     D:4: 1257 daAuts
     D:3: 1248 daAuts
     D:2: 1006 daAuts
     D:6: 214 daAuts
